 Dungeon Crawl Stone Soup version 0.30-a0-782-ge64f9170bb (webtiles) character file.

Game seed: 10299756232749048113

20 Leeroy the Insei (level 2, -2/18 HPs)
             Began as an Octopode Transmuter on Feb 22, 2023.
             Slain by a worm (11 damage)
             ... on level 2 of the Dungeon.
             The game lasted 00:00:51 (850 turns).

Leeroy the Insei (Octopode Transmuter)               Turns: 850, Time: 00:00:52

Health: -2/18      AC:  1    Str:  9    XL:     2   Next: 79%
Magic:  5/5        EV: 13    Int: 15    God:
Gold:   72         SH:  0    Dex: 12    Spells: 4/5 levels left

rFire   . . .      SeeInvis .      - Unarmed
rCold   . . .      Faith    .    (no shield)
rNeg    . . .      Spirit   .    (helmet restricted)
rPois   .          Reflect  .    (no amulet)
rElec   .          Harm     .    (no ring)
rCorr   .          Rampage  .    (no ring)
Will    .....                    (no ring)
Stlth   ++                       (no ring)
HPRegen 0.23/turn                (no ring)
MPRegen 0.09/turn                (no ring)
                                 (no ring)
                                 (no ring)

@: no status effects
A: almost no armour, amphibious, 8 rings, camouflage 1, gelatinous body 1,
(nimble swimmer 1), tentacles
a: no special abilities


You were on level 2 of the Dungeon.
You visited 1 branch of the dungeon, and saw 2 of its levels.

You collected 72 gold pieces.

Inventory:

Missiles
 b - 8 poisoned darts
Scrolls
 c - 4 scrolls of enchant weapon {unknown}
 h - a scroll of butterflies {unknown}
 i - a scroll of teleportation {unknown}
Potions
 a - a potion of lignification
 d - 2 potions of haste {unknown}
 e - 2 potions of curing {unknown}
 f - a potion of flight {unknown}
 g - a potion of attraction {unknown}


   Skills:
 - Level 1.0 Fighting
 - Level 2.0 Dodging
 * Level 4.0 Unarmed Combat
 - Level 2.0 Spellcasting
 - Level 2.0 Transmutations


You had 4 spell levels left.
You knew the following spells:

 Your Spells              Type           Power      Damage    Failure   Level
a - Beastly Appendage     Tmut           14%        N/A       10%         1

Your spell library contained the following spells:

 Spells                   Type           Power      Damage    Failure   Level
 Wereblood                Tmut           7%         N/A       14%         2
 Spider Form              Tmut/Pois      4%         N/A       41%         3
 Ice Form                 Ice/Tmut       4%         N/A       82%         4


Dungeon Overview and Level Annotations

Branches:
Dungeon (2/15)

Altars:


Innate Abilities, Weirdness & Mutations

You cannot wear most types of armour.
You are amphibious.
You can wear up to eight rings at the same time.
Your skin changes colour to match your surroundings (Stealth+).
Your rubbery body absorbs attacks. (AC +1, EV +1)
((You are camouflaged when in or above water. (Stealth+)))
You have tentacles for arms and can constrict up to eight enemies at once.


Message History

No target in view!
Done exploring.
Done exploring.
No target in view!
There's nothing to open nearby.
Done exploring.
Done exploring.
There is a stone staircase leading down here.
You climb downwards.
Found 7 gold pieces and 3 scrolls labelled DEPLAGIBAL.
Found a stone staircase leading down.
There is a stone staircase leading up here.
You now have 62 gold pieces (gained 7).
c - 4 scrolls labelled DEPLAGIBAL (gained 3)
There is a stone staircase leading down here.
d - 2 gluggy clear potions (gained 1)
You now have 72 gold pieces (gained 10).
You open the door.
A worm comes into view.
Found a scroll labelled GAAFOW MUUZ.
A worm is nearby!
There is an open door here.
The helpless worm fails to defend itself.
You tentacle-slap the worm. Your grab misses the worm.
The worm is moderately wounded.
You barely miss the worm. You grab the worm.
The worm is moderately wounded.
You constrict the worm. The worm bites you!
Ouch! That really hurt!
You are too injured to fight recklessly!
You are too injured to fight recklessly!
You are too injured to fight recklessly!
You tentacle-slap the worm. You squeeze the worm.
The worm is heavily wounded.
You constrict the worm. You tentacle-slap the worm.
The worm is severely wounded.
You constrict the worm. The worm bites you!
Ouch! That really hurt!
You die...

### ..# ####### #.#
#######..... #.#
#....w...######.## ###
#.....@..##...#..####..
#........'.............
..........##...###..##.#
.......?..##...# ##.##.#
..........###### #....#
...######## ###.## ...
#.# .. ########>##
#.........#


You could see a worm.

Vanquished Creatures
  4 endoplasms (D:1)
  3 giant cockroaches (D:1)
  A goblin (D:1)
  2 hobgoblins (D:1)
  2 kobolds (D:1)
  A ball python (D:1)
  2 bats (D:1)
  2 frilled lizards (D:1)
  A rat (D:1)
18 creatures vanquished.

Notes
Turn   | Place    | Note
-------+----------+-------------------------------------------
     0 | D:1      | Leeroy the Octopode Transmuter began the quest for the Orb.
     0 | D:1      | Reached XP level 1. HP: 13/13 MP: 3/3
   288 | D:1      | Reached XP level 2. HP: 13/18 MP: 5/5
   340 | D:1      | Found a faded altar of an unknown god.
   774 | D:1      | Reached skill level 4 in Unarmed Combat
   850 | D:2      | Slain by a worm

Illustrated notes

Levels and vault maps discovered:
D:1:      minmay_arrival_widening_spiral_wide, layout_basic,
          hellmonk_ecumenical_altar_slurped_away, palyth_stone_intersect,
          chequers_serial_rivers_small_b, minmay_split_cup_small
D:2:      layout_basic

Skill      XL: |  1  2 |
---------------+-------+-----
Unarmed Combat | 4 |  4.0
Fighting       | |  1.0
Dodging        | |  2.0
Spellcasting   | |  2.0
Transmutations | |  2.0

Action                     || total
---------------------------++-------
  Melee: Unarmed           ||    41
         Tentacles         ||     8
         Constrict         ||     8
         Punch             ||     2
   Stab: Sleeping          ||     3
  Dodge: Dodged            ||    14

Table legend: (Time is in decaauts)
 A = Elapsed time spent in this place.
 B = Non-inter-level travel time spent in this place.
 C = Inter-level travel time spent in this place.
 D = Time resting spent in this place.
 E = Time spent auto-exploring this place.
 F = Levels seen in this place.
 G = Mean time per level.
                   A        B        C        D        E       F      G
               +--------+--------+--------+--------+--------+-----+--------+
         Total |    846 |    820 |     26 |      0 |    694 |   2 |  423.0 |
       Dungeon |    846 |    820 |     26 |      0 |    694 |   2 |  423.0 |
               +--------+--------+--------+--------+--------+-----+--------+

Top non-repeatable levels by time:
     D:1: 803 daAuts
     D:2: 43 daAuts
